 Dungeon Crawl Stone Soup version 0.30-b1-2-g02819fbbbe (webtiles) character file.

Game seed: 8303975201250075648

2278 Arzdou the Tainter (level 9, 0/51 HPs)
             Began as an Octopode Earth Elementalist on May 12, 2023.
             Was a Priest of Vehumet.
             Killed from afar by a steam dragon (15 damage)
             ... with a ball of steam
             ... on level 7 of the Dungeon.
             The game lasted 00:16:32 (7723 turns).

Arzdou the Tainter (Octopode Earth Elementalist)    Turns: 7723, Time: 00:16:34

Health: 0/51       AC:  1    Str:  8    XL:     9   Next: 39%
Magic:  7/16       EV: 13    Int: 21    God:    Vehumet [***...]
Gold:   651        SH:  5    Dex: 12    Spells: 3/18 levels left

rFire   . . .        h - +1 dagger (freeze)
rCold   . . .        (no shield)
rNeg    . . .        (helmet restricted)
rPois   .            e - amulet of reflection
rElec   .            (no ring)
rCorr   .            (no ring)
SInv    .            (no ring)
Will    .....        (no ring)
Stlth   +++          (no ring)
HPRegen 0.28/turn    (no ring)
MPRegen 0.15/turn    (no ring)
                     (no ring)

%: reflection
@: no status effects
A: almost no armour, amphibious, 8 rings, camouflage 1, gelatinous body 1,
(nimble swimmer 1), tentacles
a: Renounce Religion


You were on level 7 of the Dungeon.
You worshipped Vehumet.
Vehumet was most pleased with you.
You visited 1 branch of the dungeon, and saw 7 of its levels.

You collected 651 gold pieces.

Inventory:

Hand Weapons
 d - a +0 short sword
 h - a +1 dagger of freezing (weapon)
Missiles
 q - a throwing net
Jewellery
 e - an amulet of reflection (around mantle)
 r - a ring of ice
 u - a +5 ring of evasion
Wands
 s - a wand of paralysis (6)
 v - a wand of acid (13)
 x - a wand of polymorph (11)
Scrolls
 c - a scroll of noise
 j - 2 scrolls of enchant armour {unknown}
 m - a scroll of enchant weapon {unknown}
 t - a scroll of brand weapon {unknown}
 y - a scroll of teleportation {unknown}
Potions
 a - 2 potions of magic
 b - 3 potions of flight
 f - 2 potions of berserk rage
 i - a potion of mutation
 k - a potion of resistance {unknown}
 l - 2 potions of cancellation
 n - a potion of attraction {unknown}
 o - 3 potions of might
 p - a potion of degeneration {unknown}
 w - a potion of lignification {unknown}
 z - a potion of curing {unknown}


   Skills:
 - Level 2.0 Dodging
 - Level 2.7 Stealth
 - Level 5.0 Spellcasting
 - Level 5.0 Conjurations
 - Level 1.0 Transmutations
 + Level 4.1 Fire Magic
 - Level 6.0 Earth Magic
 - Level 8.3 Poison Magic


You had 3 spell levels left.
You knew the following spells:

 Your Spells              Type           Power      Damage    Failure   Level
a - Sandblast             Erth           60%        2d14      1%          1
b - Stone Arrow           Conj/Erth      56%        3d10      1%          3
c - Passwall              Tmut/Erth      16%        N/A       3%          2
d - Poisonous Vapours     Pois/Air       44%        N/A       1%          2
e - Olgreb's Toxic Radia  Pois           40%        N/A       1%          4
f - Ignite Poison         Fire/Tmut/Pois 24%        N/A       1%          3

Your spell library contained the following spells:

 Spells                   Type           Power      Damage    Failure   Level
 Dazzling Flash           Conj/Hex       30%        N/A       3%          3
 Sting                    Tmut/Pois      100%       1d8       1%          1
 Freeze                   Ice            20%        1d4       3%          1
 Hailstorm                Conj/Ice       15%        3d5       3%          3
 Spider Form              Tmut/Pois      25%        N/A       4%          3
 Beastly Appendage        Tmut           18%        N/A       7%          1
 Frozen Ramparts          Ice            10%        1d2       9%          3
 Wereblood                Tmut           9%         N/A       11%         2
 Sticky Flame             Conj/Fire      24%        2d5       4%          4
 Petrify                  Tmut/Erth      20%        N/A       26%         4
 Ignition                 Fire           11%        3d5       100%        8


Dungeon Overview and Level Annotations

Branches:
Dungeon (7/15)
 Temple: D:4-7

Altars:
Dithmenos
Fedhas
Gozag
Makhleb
Sif Muna
Vehumet
The Shining One


Innate Abilities, Weirdness & Mutations

You cannot wear most types of armour.
You are amphibious.
You can wear up to eight rings at the same time.
Your skin changes colour to match your surroundings (Stealth+).
Your rubbery body absorbs attacks. (AC +1, EV +1)
((You are camouflaged when in or above water. (Stealth+)))
You have tentacles for arms and can constrict up to eight enemies at once.


Message History

Casting: Stone Arrow (safe; 1% risk of failure)
Confirm with . or Enter, or press ? or * to list all spells.
Aiming: Stone Arrow (safe; 1% risk of failure)
Press: ? - help, Shift-Dir - straight line, f - ice beast
Aim: an ice beast (71% to hit)
The stone arrow misses the ice beast.
You are engulfed in a cloud of scalding steam.
Unknown command.
The ice beast is engulfed in a cloud of scalding steam.
Casting: Stone Arrow (safe; 1% risk of failure)
Confirm with . or Enter, or press ? or * to list all spells.
Aiming: Stone Arrow (safe; 1% risk of failure)
Press: ? - help, Shift-Dir - straight line, f/p - ice beast
Aim: an ice beast (steam, moderately wounded, 71% to hit)
The stone arrow hits the ice beast!
The ice beast is severely wounded.
The ice beast is engulfed in a cloud of scalding steam.
The ice beast hits you. The ice beast freezes you.
* * * LOW HITPOINT WARNING * * *
You are too injured to fight recklessly!
Casting: Stone Arrow (safe; 1% risk of failure)
Confirm with . or Enter, or press ? or * to list all spells.
Aiming: Sandblast (safe; 1% risk of failure)
Press: ? - help, Shift-Dir - straight line, f/p - ice beast
Aim: an ice beast (almost dead, 84% to hit)
The blast of sand hits the ice beast!
You kill the ice beast!
Vehumet accepts your kill. The steam dragon closely misses you. x2
Your Fire Magic skill increases to level 4!
Casting: Sandblast (safe; 1% risk of failure)
Confirm with . or Enter, or press ? or * to list all spells.
Aiming: Poisonous Vapours (safe; 1% risk of failure)
Press: ? - help, Dir - move target, f - steam dragon
Aim: a steam dragon Poisonous vapours surround the steam dragon!
The steam dragon is poisoned.
The steam dragon breathes steam at you. The ball of steam hits you!
You die...

#.#. #.#.#.# #.#
.# #.#.#.# #.# .
......# #.# #.
.# #.# .##.# #.#
... #.# #ยง# #.#
# #D# #.#
#.###.#@########
#.#
...............#
#.#
#..##.########)#
#.# #= #.# #.# #
#.# #.# #.# #.#
#.# #.# #)# #.#
#.# #.#


You could see a steam dragon (poisoned, catching breath).

Vanquished Creatures
  A water moccasin (D:7)
  3 ice beasts
  2 ogres
  A centaur (D:5)
  A phantom (D:5)
  3 kobold brigands
  A bullfrog (D:6)
  3 scorpions
  4 wights (D:7)
  A howler monkey (D:4)
  8 hounds
  A jelly (D:6)
  An orc priest (D:7)
  A gnoll bouda (D:5)
  3 iguanas
  2 sleepcaps
  Ijyb (D:5)
  2 orc wizards
  Robin (D:4)
  14 gnolls
  10 adders
  2 white imps
  An ufetubus (D:5)
  A dart slug (D:2)
  10 orcs
  4 endoplasms
  3 giant cockroaches
  16 hobgoblins
  5 jackals
  5 quokkas
  6 ball pythons
  3 bats
  4 frilled lizards
  14 goblins
  60 kobolds
  3 rats
201 creatures vanquished.

Notes
Turn   | Place    | Note
-------+----------+-------------------------------------------
     0 | D:1      | Arzdou the Octopode Earth Elementalist began the quest for
                  | the Orb.
     0 | D:1      | Reached XP level 1. HP: 11/11 MP: 3/3
   301 | D:1      | Reached XP level 2. HP: 17/17 MP: 3/5
  1096 | D:2      | Reached XP level 3. HP: 21/21 MP: 4/6
  1188 | D:2      | Reached XP level 4. HP: 27/27 MP: 1/7
  1192 | D:2      | Learned a level 3 spell: Stone Arrow
  1195 | D:2      | Learned a level 2 spell: Passwall
  1523 | D:2      | Reached skill level 5 in Earth Magic
  2203 | D:3      | Found a burning altar of Makhleb.
  2253 | D:3      | Reached XP level 5. HP: 31/31 MP: 6/8
  2408 | D:3      | Found a shimmering blue altar of Sif Muna.
  2409 | D:3      | You fall into a shaft and drop 3 floors!
  2417 | D:5      | Entered Level 5 of the Dungeon
  2496 | D:3      | Noticed Robin
  2500 | D:4      | Killed Robin
  2501 | D:4      | Reached skill level 1 in Conjurations
  2560 | D:3      | HP: 1/31 [goblin/+0 dagger[Robin] (3)]
  3124 | D:3      | Found a blossoming altar of Fedhas.
  3125 | D:3      | Found a radiant altar of Vehumet.
  3130 | D:3      | Became a worshipper of Vehumet
  3256 | D:4      | Reached XP level 6. HP: 32/36 MP: 4/9
  3538 | D:4      | Found an opulent altar of Gozag.
  3831 | D:4      | Reached XP level 7. HP: 41/41 MP: 6/10
  3938 | D:5      | Found a shadowy altar of Dithmenos.
  3958 | D:5      | Reached skill level 5 in Conjurations
  4284 | D:5      | Found a glowing golden altar of the Shining One.
  4316 | D:5      | Reached * piety under Vehumet
  4316 | D:5      | Offered knowledge of Foxfire by Vehumet.
  4425 | D:5      | Noticed Ijyb
  4448 | D:5      | Killed Ijyb
  4634 | D:5      | Reached XP level 8. HP: 38/46 MP: 4/15
  4750 | D:5      | Reached skill level 1 in Poison Magic
  4868 | D:5      | Reached skill level 5 in Spellcasting
  4966 | D:5      | Reached skill level 2 in Poison Magic
  5010 | D:5      | Reached ** piety under Vehumet
  5010 | D:5      | Offered knowledge of Shock by Vehumet.
  5312 | D:5      | Reached skill level 3 in Poison Magic
  5747 | D:5      | Offered knowledge of Dazzling Flash by Vehumet.
  5748 | D:5      | Reached skill level 4 in Poison Magic
  5751 | D:5      | Learned a level 2 spell: Poisonous Vapours
  5831 | D:5      | Reached skill level 5 in Poison Magic
  5835 | D:5      | Reached skill level 6 in Poison Magic
  6415 | D:6      | Reached skill level 7 in Poison Magic
  6454 | D:6      | Learned a level 4 spell: Olgreb's Toxic Radiance
  6707 | D:6      | Reached XP level 9. HP: 51/51 MP: 11/16
  6743 | D:6      | Reached skill level 8 in Poison Magic
  6787 | D:6      | Reached *** piety under Vehumet
  7117 | D:7      | Learned a level 3 spell: Ignite Poison
  7268 | D:7      | Reached skill level 1 in Fire Magic
  7723 | D:7      | Killed from afar by a steam dragon

Illustrated notes

Levels and vault maps discovered:
D:1:      dpeg_arrival_another_circle, layout_loops_ring
D:2:      layout_loops_ring, minmay_cupped
D:3:      layout_loops_ring, mainiacjoe_overflow_boulevard,
          amcnicky_altar_gilded, gammafunk_temple_overflow_statue, uniq_robin
D:4:      layout_cave_pools, nicolae_gozag_cash_rules_everything_around_me
D:5:      minmay_goblin_kobold_castle, layout_gridville, general_overflow_altar,
          nicolae_dithmenos_the_darkroom, nicolae_ossuary_entry_plus,
          grunt_ministairs_11, minmay_increasing_density, uniq_ijyb,
          uniq_crazy_yiuf_cottage
D:6:      layout_cave_pools
D:7:      layout_basic, minmay_temple_entry_butterflies

Skill      XL: |  1  2  3  4  5  6  7  8  9 |
---------------+----------------------------+-----
Earth Magic    | 4 5 6 |  6.0
Conjurations   | 2 4 5 |  5.0
Spellcasting   | 4 5 |  5.0
Poison Magic   | 7 8 |  8.3
Fire Magic     | 4 |  4.1
Dodging        | |  2.0
Stealth        | |  2.7
Transmutations | |  1.0

Action                     |  1- 3 |  4- 6 |  7- 9 || total
---------------------------+-------+-------+-------++-------
  Melee: Dagger            |       |       |     8 ||     8
         Constrict         |       |       |     3 ||     3
         Tentacles         |       |       |     3 ||     3
   Cast: Sandblast         |    41 |    91 |   100 ||   232
         Passwall          |       |     2 |       ||     2
         Stone Arrow       |       |       |    51 ||    51
         Poisonous Vapours |       |       |    20 ||    20
         Olgreb's Toxic Ra |       |       |     5 ||     5
         Ignite Poison     |       |       |     5 ||     5
    Use: Scroll            |       |     8 |     4 ||    12
         Potion            |       |       |     1 ||     1
 Armour: Skin              |     1 |     2 |     1 ||     4
  Dodge: Dodged            |     9 |    48 |    47 ||   104
  Block: Other             |       |    12 |    18 ||    30
         Reflection        |       |       |     3 ||     3
